 Dungeon Crawl Stone Soup version 0.28.0-53-g5a82cb258f (webtiles) character file.

Game seed: 5689732153782519365

44 firemarshallily the Fighter (level 3, -7/42 HPs)
             Began as a Gnoll Wanderer on July 28, 2022.
             Was a Follower of Okawaru.
             Mangled by Terence
             ... wielding a +0 hand axe
              (10 damage)
             ... on level 1 of the Dungeon.
             The game lasted 00:03:04 (888 turns).

firemarshallily the Fighter (Gnoll Wanderer)         Turns: 888, Time: 00:03:05

Health: -7/42      AC:  3    Str: 14    XL:     3   Next: 60%
Magic:  4/4        EV: 11    Int: 12    God:    Okawaru [*.....]
Gold:   50         SH:  0    Dex:  9    Spells: 3/3 levels left

rFire   + . .      SeeInvis .   a - +3 dagger
rCold   + . .      Faith    .   (no shield)
rNeg    . . .      Spirit   .   d - +0 leather armour
rPois   +          Reflect  .   (no helmet)
rElec   +          Harm     .   (no cloak)
rCorr   +          Rampage  .   (no gloves)
Will    .....                   (no boots)
Stlth   +.........              (no amulet)
HPRegen 0.14/turn               (no ring)
MPRegen 0.09/turn               (no ring)

@: resistant, hasted, very quick
A: fangs 1, strong nose, distributed training
a: Renounce Religion, Heroism


You were on level 1 of the Dungeon.
You worshipped Okawaru.
Okawaru was aware of your devotion.
You visited 1 branch of the dungeon, and saw 2 of its levels.

You collected 50 gold pieces.

Inventory:

Hand Weapons
 a - a +3 dagger (weapon)
 c - a +0 spear
Missiles
 b - 4 curare-tipped darts (quivered)
 g - 13 arrows
 h - 53 stones
Armour
 d - a +0 leather armour (worn)


   Skills:
 + Level 10.4 Fighting
 + Level 0.9 Short Blades
 + Level 0.9 Long Blades
 + Level 0.9 Axes
 + Level 0.9 Maces & Flails
 + Level 4.5 Polearms
 + Level 0.9 Staves
 + Level 0.9 Slings
 + Level 0.9 Bows
 + Level 0.9 Crossbows
 + Level 6.5 Throwing
 + Level 0.9 Armour
 + Level 0.9 Dodging
 + Level 0.9 Stealth
 + Level 0.9 Shields
 + Level 0.9 Unarmed Combat
 + Level 0.9 Spellcasting
 + Level 0.6 Conjurations
 + Level 0.6 Hexes
 + Level 0.6 Summonings
 + Level 0.6 Necromancy
 + Level 0.6 Translocations
 + Level 0.6 Transmutations
 + Level 0.6 Fire Magic
 + Level 0.6 Ice Magic
 + Level 0.6 Air Magic
 + Level 0.6 Earth Magic
 + Level 0.6 Poison Magic
 + Level 1.0 Invocations
 + Level 0.9 Evocations


You had 3 spell levels left.
You didn't know any spells.
Your spell library was empty.

Dungeon Overview and Level Annotations

Branches:
Dungeon (2/15)

Altars:
Okawaru

Annotations:
D:1 Terence
D:2 Sigmund


Innate Abilities, Weirdness & Mutations

You have very sharp teeth.
Your uncanny sense of smell can sniff out nearby items.
Your experience applies equally to all skills.


Message History

You see here a jackal corpse.
There is a stone staircase leading up here.
Terence hits you with a +0 hand axe.
You climb upwards.
There is a stone staircase leading down here.
You hit Terence but do no damage. Terence hits you but does no damage.
You hit Terence but do no damage. Terence hits you with a +0 hand axe!
You hit Terence but do no damage. Terence barely misses you.
You barely miss Terence. Your bite misses Terence.
Terence hits you with a +0 hand axe.
You hit Terence but do no damage. Terence barely misses you.
You hit Terence.
Terence is lightly wounded.
Terence closely misses you.
You hit Terence but do no damage. Your bite misses Terence.
Terence is lightly wounded.
Terence hits you with a +0 hand axe.
You barely miss Terence.
Terence is lightly wounded.
Terence hits you with a +0 hand axe.
You hit Terence but do no damage.
Terence is lightly wounded.
Terence hits you with a +0 hand axe.
You hit Terence but do no damage.
Terence is lightly wounded.
Terence hits you with a +0 hand axe.
You hit Terence but do no damage.
Terence is lightly wounded.
Terence hits you with a +0 hand axe!
* * * LOW HITPOINT WARNING * * *
It was a potion of resistance.
You feel protected. Terence closely misses you.
It was a potion of haste.
You feel yourself speed up. Terence hits you with a +0 hand axe.
* * * LOW HITPOINT WARNING * * *
You hit Terence. You bite Terence, but do no damage.
Terence is lightly wounded.
Terence hits you with a +0 hand axe!
You die...

#...†.... #....##'#
##### #....##.# #...#
#....#8.8 #...#
#######.# #...#
######.#
#...############...#8.8
#....@...).........##.#
#.....@##############.#
#.....#### #8.8
#........############.#
#...#.....##8##8##8##.#
####......'..........).
#.......##8##8##8##.#
#.......###########.#
#........# ##.####8.8
##.....#.###..#..##.#


You could see Terence.

Vanquished Creatures
  2 dart slugs (D:1)
  2 ball pythons (D:1)
  3 bats (D:1)
  3 endoplasms (D:1)
  A giant cockroach (D:1)
  3 goblins (D:1)
  4 hobgoblins (D:1)
  8 jackals
  2 quokkas (D:1)
  A kobold (D:1)
  4 rats (D:1)
33 creatures vanquished.

Notes
Turn   | Place    | Note
-------+----------+-------------------------------------------
     0 | D:1      | Reached skill level 10 in Fighting
     0 | D:1      | firemarshallily the Gnoll Wanderer began the quest for the
                  | Orb.
     0 | D:1      | firemarshallily set off with the following items: a +3
                  | dagger, 4 curare-tipped darts, a +0 spear, a +0 leather
                  | armour
     0 | D:1      | Reached XP level 1. HP: 29/29 MP: 1/1
    52 | D:1      | Reached XP level 2. HP: 35/36 MP: 2/2
   364 | D:1      | Reached XP level 3. HP: 35/42 MP: 3/3
   677 | D:1      | Found a faded altar of an unknown god.
   687 | D:1      | Reached skill level 1 in Invocations
   694 | D:1      | Prayed at the altar of an unknown god.
   694 | D:1      | Became a worshipper of Warmaster Okawaru
   694 | D:1      | Reached * piety under Okawaru
   865 | D:2      | Noticed Terence
   865 | D:2      | Noticed Sigmund
   888 | D:1      | Mangled by Terence

Illustrated notes

Levels and vault maps discovered:
D:1:      elethiomel_arrival_quiet, layout_rooms,
          shapermc_ecumenical_altar_notcrosses, dk_noncrumbling_2,
          minmay_misc_feat_encased, lemuel_another_geyser
D:2:      layout_loops_corners, uniq_terence, uniq_sigmund

Skill      XL: |  1  2  3 |
---------------+----------+-----
Fighting       | | 10.4
Invocations    | 1 |  1.0
Short Blades   | |  0.9
Long Blades    | |  0.9
Axes           | |  0.9
Maces & Flails | |  0.9
Polearms       | |  4.5
Staves         | |  0.9
Slings         | |  0.9
Bows           | |  0.9
Crossbows      | |  0.9
Throwing       | |  6.5
Armour         | |  0.9
Dodging        | |  0.9
Stealth        | |  0.9
Shields        | |  0.9
Unarmed Combat | |  0.9
Spellcasting   | |  0.9
Conjurations   | |  0.6
Hexes          | |  0.6
Summonings     | |  0.6
Necromancy     | |  0.6
Translocations | |  0.6
Transmutations | |  0.6
Fire Magic     | |  0.6
Ice Magic      | |  0.6
Air Magic      | |  0.6
Earth Magic    | |  0.6
Poison Magic   | |  0.6
Evocations     | |  0.9

Action                   || total
-------------------------++-------
Melee: Dagger            ||    96
       Bite              ||     6
       Punch             ||     2
  Use: Scroll            ||     2
       Potion            ||     2
Armor: Leather armour    ||    17
Dodge: Dodged            ||    42
